Map: King Sejong Station LE

Players

Statoondeo - Winner!

  • Race: Protoss Protoss
  • League: Silver

A.I. 1 (Very Easy)

  • Race: Terran Terran

VOD

Have the link to the VOD?

Description

Time

  • Played on: June 14, 2016, 11:32 a.m.
  • Length: 5:04
Show
View Real Time Build Order
Export as new Build Order

Statoondeo Protoss - Winner!

Build Orders: Nexus First 

Get SALT Encoding   

  12  0:01  Probe (Chrono Boost)  
  13  0:12  Probe (Chrono Boost)  
  14  0:18  Pylon  
  14  0:22  Probe (Chrono Boost)  
  15  0:36  Probe (Chrono Boost)  
  16  0:54  Nexus  
  16  1:05  Gateway  
  16  1:08  Probe (Chrono Boost)  
  17  1:18  Probe (Chrono Boost), Assimilator  
  18  1:23  Assimilator  
  18  1:29  Probe (Chrono Boost)  
  19  1:36  Gateway  
  19  1:44  Probe (Chrono Boost)  
  20  1:53  Cybernetics Core  
  20  1:54  Probe (Chrono Boost)  
  21  2:02  Zealot  
  21  2:06  Probe (Chrono Boost)  
  21  2:07  Probe (Chrono Boost)  
  25  2:21  Pylon  
  25  2:22  Probe x2 (Chrono Boost)  
  27  2:30  Adept  
  27  2:31  Adept  
  27  2:34  Warp Gate  
  31  2:38  Probe (Chrono Boost)  
  31  2:39  Probe (Chrono Boost)  
  33  2:49  Mothership Core (Chrono Boost)  
  35  2:57  Probe (Chrono Boost), Adept  
  38  2:58  Adept  
  38  3:04  Pylon  
  40  3:07  Probe (Chrono Boost)  
  41  3:17  Robotics Facility, Probe (Chrono Boost)  
  42  3:24  Stalker  
  44  3:34  Stalker  
  46  3:42  Probe (Chrono Boost)  
  46  3:43  Probe (Chrono Boost)  
  48  3:50  Gateway x2  
  48  3:56  Pylon  
  48  3:59  Pylon  
  48  4:00  Probe (Chrono Boost)  
  48  4:01  Probe (Chrono Boost)  
  50  4:04  Observer  
  50  4:06  Stalker  
  53  4:11  Probe (Chrono Boost)  
  53  4:13  Stalker  
  56  4:17  Pylon  
  56  4:20  Probe (Chrono Boost)  
  61  4:51  Stalker  
  61  4:52  Stalker  
  65  4:55  Zealot  
  65  4:56  Zealot  
Show
View Real Time Build Order
Export as new Build Order

A.I. 1 (Very Easy) Terran 

Build Orders:  

Get SALT Encoding   

  12  0:00  SCV  
  13  0:13  SCV  
  14  0:18  Supply Depot  
  14  0:37  Refinery  
  14  0:41  Barracks  
  14  1:05  Supply Depot  
  14  1:11  Refinery  
  14  1:30  Orbital Command, Marine  
  15  1:55  SCV  
  16  2:04  Marine  
  16  2:07  SCV  
  18  2:19  SCV  
  19  2:31  SCV  
  20  2:39  Marine  
  20  2:44  SCV  
  22  2:56  SCV  
Tags
 
Add a new tag
Caveats
  • Supply blocks, unpowered buildings, or Contaminate may cause inaccurate times.
  • Supply counts are checked every 10 seconds.